 Dungeon Crawl Stone Soup version 0.22.1-2-g9c5b331 (webtiles) character file.

5 MalarOregon the Chiller (level 1, -2/14 HPs)
             Began as a Merfolk Ice Elementalist on Nov 24, 2018.
             Slain by a jackal (3 damage)
             ... on level 1 of the Dungeon.
             The game lasted 00:00:29 (206 turns).

MalarOregon the Chiller (Merfolk Ice Elementalist)   Turns: 206, Time: 00:00:30

Health: -2/14      AC:  2    Str:  8    XL:     1   Next: 80%
Magic:  1/3        EV: 13    Int: 14    God:
Gold:   16         SH:  0    Dex: 14    Spells: 3/4 levels left

rFire    . . .     SeeInvis .   d - +0 dagger
rCold    . . .     Gourm    .   (no shield)
rNeg     . . .     Faith    .   a - +0 robe
rPois    .         Spirit   .   (no helmet)
rElec    .         Reflect  .   (no cloak)
rCorr    .         Harm     .   (no gloves)
MR       .....                  (no boots)
Stlth    ++........             (no amulet)
HPRegen  0.04/turn              (no ring)
MPRegen  0.08/turn              (no ring)

@: no status effects
A: change form in water, swift swim, stealthy swim
a: no special abilities


You were on level 1 of the Dungeon.
You were not hungry.

You visited 1 branch of the dungeon, and saw 1 of its levels.

You collected 16 gold pieces.

Inventory:

Hand Weapons
 d - a +0 dagger (weapon)
   (You took it off a goblin on level 1 of the Dungeon)
Armour
 a - a +0 robe (worn)
Scrolls
 b - a scroll of immolation {unknown}
Comestibles
 c - a chunk of flesh
 e - a ration {!d}


   Skills:
 + Level 0.3 Fighting
 + Level 2.8 Dodging
 + Level 2.3 Stealth
 + Level 2.0 Spellcasting
   Level 0.7 Conjurations
 + Level 3.3 Ice Magic


You had 3 spell levels left.
You knew the following spells:

 Your Spells              Type           Power        Failure   Level  Hunger
a - Freeze                Ice            ##..         6%          1    ##.....

Your spell library contained the following spells:

 Spells                   Type           Power        Failure   Level  Hunger
 Throw Frost              Conj/Ice       #.....       16%         2    ###....
 Ozocubu's Armour         Chrm/Ice       #.......     34%         3    ####...
 Throw Icicle             Conj/Ice       #.......     71%         4    #####..
 Summon Ice Beast         Ice/Summ       #.......     75%         4    #####..


Dungeon Overview and Level Annotations

Branches:
Dungeon (1/15)

Altars:


Message History

Aim: a jackal You freeze the jackal.
The jackal barks!
The jackal closely misses you. The jackal barely misses you.
Aim: a jackal (moderately wounded)
You freeze the jackal.
You kill the jackal!
Aim: a jackal You freeze the jackal.
The jackal closely misses you.
You don't have enough magic to cast that spell.
You barely miss the jackal. The jackal closely misses you.
You hit the jackal. The jackal completely misses you.
The jackal closely misses you.
The jackal bites you but does no damage.
The jackal closely misses you.
You hit the jackal. You hit the jackal but do no damage.
The jackal barely misses you. The jackal closely misses you.
You completely miss the jackal.
The jackal bites you but does no damage.
You closely miss the jackal. The jackal bites you.
The jackal closely misses you.
You hit the jackal. The jackal bites you.
You barely miss the jackal. The jackal misses you.
You barely miss the jackal. The jackal bites you.
The jackal completely misses you.
You completely miss the jackal.
The jackal bites you but does no damage.
You hit the jackal.
You kill the jackal!
The jackal bites you.
Aim: a jackal (heavily wounded)
You freeze the jackal. The jackal closely misses you.
You hit the jackal but do no damage. The jackal bites you.
* * * LOW HITPOINT WARNING * * *
The jackal barely misses you.
You hit the jackal.
You kill the jackal!
You barely miss the jackal. The jackal bites you.
* * * LOW HITPOINT WARNING * * *
The jackal closely misses you.
You closely miss the jackal. The jackal bites you.
* * * LOW HITPOINT WARNING * * *
You hit the jackal but do no damage. The jackal misses you. x2
You hit the jackal. The jackal barely misses you.
You barely miss the jackal. The jackal barely misses you.
You closely miss the jackal.
The jackal bites you but does no damage.
The jackal bites you.
You die...

.. ##. ## ### #
###..#
.##..###..h##.....
##................#
#.......#####.....(
#....####...####...
##h###.........###'
##@#......<......'.
#..###.........###+
#....####...####...
####....#####...###
####........##..
#....########
######


You could see a jackal.

Vanquished Creatures
  A goblin (D:1)
  3 jackals (D:1)
4 creatures vanquished.

Notes
Turn   | Place    | Note
-------+----------+-------------------------------------------
     0 | D:1      | MalarOregon the Merfolk Ice Elementalist began the quest
                  | for the Orb.
     0 | D:1      | Reached XP level 1. HP: 13/13 MP: 3/3
   206 | D:1      | Slain by a jackal

Action                   || total
-------------------------++-------
Melee: Dagger            ||    19
 Cast: Freeze            ||     6
Armor: Robe              ||     5
Dodge: Dodged            ||    21
